 Dungeon Crawl Stone Soup version 0.28.0-43-g3370ac3207 (webtiles) character file.

Game seed: 14346733686692941710

12987 RascalDebosk the Destroyer (level 11, -3/74 HPs)
             Began as a Grey Draconian Air Elementalist on Mar 9, 2022.
             Was a Believer of Vehumet.
             Slain by Snorg (12 damage)
             ... on level 11 of the Dungeon on Mar 11, 2022.
             The game lasted 03:32:10 (17224 turns).

RascalDebosk the Destroyer (DrAE)                  Turns: 17224, Time: 03:32:10

Health: -3/74      AC: 14    Str: 10    XL:     11   Next: 69%
Magic:  13/23      EV: 14    Int: 33    God:    Vehumet [**....]
Gold:   457        SH:  5    Dex: 11    Spells: 5/26 levels left

rFire   + . .      SeeInvis .   g - +3 quarterstaff (drain)
rCold   + . .      Faith    .   (shield currently unavailable)
rNeg    . . .      Spirit   .   (armour unavailable)
rPois   .          Reflect  +   (helmet restricted)
rElec   .          Harm     .   f - scarf {rC+ rF+}
rCorr   .          Rampage  .   a - +1 pair of gloves
Will    .....                   (no boots)
Stlth   ++........              h - amulet of reflection
HPRegen 0.22/turn               b - +6 ring of intelligence
MPRegen 0.18/turn               t - +6 ring of intelligence

@: swift, about to teleport, quick
A: AC +12, amphibious, unfitting armour, cold-blooded
a: Renounce Religion


You were on level 11 of the Dungeon.
You worshipped Vehumet.
Vehumet was pleased with you.
You visited 2 branches of the dungeon, and saw 13 of its levels.
You also visited: Sewer.

You collected 737 gold pieces.
You spent 280 gold pieces at shops.

Inventory:

Hand Weapons
 g - a +3 quarterstaff of draining (weapon)
 m - a +3 quarterstaff
 B - a +4 dagger of freezing
Missiles
 D - 65 stones
Armour
 a - a +1 pair of gloves (worn)
 f - a scarf of resistance (worn)
Jewellery
 b - a +6 ring of intelligence (left hand)
 e - an amulet of regeneration
 h - an amulet of reflection (around neck)
 j - an amulet of faith
 k - a ring of protection from fire
 t - a +6 ring of intelligence (right hand)
 u - a ring of see invisible
 y - a +4 ring of evasion
Wands
 q - a wand of flame (10)
 E - a wand of iceblast (8)
 G - a wand of polymorph (8)
Scrolls
 d - a scroll of teleportation
 x - a scroll of vulnerability
 z - a scroll of enchant armour
 A - 2 scrolls of identify
 F - a scroll of silence
 H - a scroll of torment {unknown}
Potions
 c - 2 potions of attraction {unknown}
 i - 2 potions of flight {unknown}
 l - a potion of lignification
 n - 3 potions of mutation
 o - 2 potions of brilliance
 p - 2 potions of haste
 r - a potion of degeneration {unknown}
 s - 3 potions of might
 v - a potion of magic {unknown}
 w - a potion of ambrosia {unknown}
 I - a potion of cancellation {unknown}


   Skills:
 - Level 3.6 Staves
 * Level 8.2 Dodging
 - Level 4.0 Stealth
 + Level 8.2 Spellcasting
 + Level 8.6 Conjurations
 + Level 7.4 Fire Magic
 - Level 4.4 Air Magic
 - Level 4.0 Earth Magic
 - Level 4.3 Poison Magic


You had 5 spell levels left.
You knew the following spells:

 Your Spells              Type           Power      Damage    Failure   Level
a - Shock                 Conj/Air       100%       1d9       1%          1
b - Poisonous Vapours     Pois/Air       84%        N/A       1%          2
c - Swiftness             Air            42%        N/A       1%          3
d - Fireball              Conj/Fire      30%        3d13      3%          5
e - Iskenderun's Battles  Conj           63%        2d11      2%          5
f - Searing Ray           Conj           100%       2d8       1%          2
g - Stone Arrow           Conj/Erth      100%       3d13      1%          3

Your spell library contained the following spells:

 Spells                   Type           Power      Damage    Failure   Level
 Sandblast                Erth           78%        2d17      1%          1
 Corpse Rot               Necr/Air       56%        N/A       1%          2
 Static Discharge         Conj/Air       54%        N/A       1%          2
 Passwall                 Tmut/Erth      21%        N/A       2%          2
 Airstrike                Air            21%        N/A       5%          4
 Confusing Touch          Hex            13%        N/A       11%         3
 Yara's Violent Unravell  Hex/Tmut       6%         3d5       67%         5
 Conjure Ball Lightning   Conj/Air       27%        3x3d8     34%         6
 Orb of Destruction       Conj           31%        9d10      63%         7
 Enfeeble                 Hex            6%         N/A       100%        7
 Chain Lightning          Conj/Air       27%        3d36      100%        9
 Fire Storm               Conj/Fire      30%        8d8       100%        9
 Shatter                  Erth           19%        3d18*     100%        9


Dungeon Overview and Level Annotations

Branches:
Dungeon (12/15)            Temple (1/1) D:6            Lair (0/6) D:9
    Orc (0/2) D:10          Sewer (visited)

Altars:
Ashenzari
Cheibriados
Dithmenos
Elyvilon
Fedhas
Gozag
Hepliaklqana
Kikubaaqudgha
Makhleb
Nemelex Xobeh
Okawaru
Qazlal
Ru
Sif Muna
Trog
Uskayaw
Vehumet
Wu Jian
Xom
Yredelemnul
Zin
The Shining One

Shops:
D:3 ((   D:10 :

Annotations:
D:5 Sigmund
D:8 2 transporters, coolio's ghost, novice DEHu
D:11 Snorg
D:12 Fannar


Innate Abilities, Weirdness & Mutations

Your dull iron-grey scales are very hard. (AC +12)
You are amphibious.
You cannot fit into any form of body armour.
You are cold-blooded and may be slowed by cold attacks.


Message History

Casting: Shock (safe; 1% risk of failure)
Confirm with . or Enter, or press ? or * to list all spells.
You conjure a globe of magical energy.
Snorg bites you but does no damage. You block Snorg's attack. Snorg misses you.
Snorg bites you. Snorg completely misses you.
Snorg claws you but does no damage.
Casting: Iskenderun's Battlesphere (dangerous; 2% risk of failure)
Confirm with . or Enter, or press ? or * to list all spells.
You feel quick. You block Snorg's attack. Snorg claws you!
Snorg claws you but does no damage. Snorg bites your battlesphere!!
Your battlesphere is destroyed!
Snorg rages.
Casting: Swiftness (safe; 1% risk of failure)
Confirm with . or Enter, or press ? or * to list all spells.
Aiming: Fireball (dangerous; 3% risk of failure)
Press: ? - help, Shift-Dir - straight line, f - Snorg
Aim: Snorg (berserk)
You miscast Fireball.
You are very lightly contaminated with residual magic.
The air around you crackles with energy!
Snorg closely misses you. Snorg claws you! Snorg misses you.
Snorg barely misses you. Snorg closely misses you.
Snorg claws you but does no damage.
Snorg rages.
Snorg bites you! Snorg claws you!
* * * LOW HITPOINT WARNING * * *
Snorg claws you!
* * * LOW HITPOINT WARNING * * *
Your magical contamination has completely faded away.
Casting: Fireball (dangerous; 3% risk of failure)
Confirm with . or Enter, or press ? or * to list all spells.
This spell is already in effect.
Unknown command.
As you read the scroll of teleportation, it crumbles to dust.
You feel strangely unstable. Snorg bites you but does no damage.
Snorg barely misses you. You block Snorg's attack.
Snorg bites you but does no damage. Snorg claws you.
* * * LOW HITPOINT WARNING * * *
Snorg claws you!
You die...

#####......##.......#.#.#.#.#.# #
#.##.#.########.#.#.#.#<#.# #
#.##...# #.#.#.#.###.###
#####.#############.#.#.....#....
..........................#.#....
#####..##############...###.#....
#####............................
.................................
#####.#.#......T@................
#.#.#.##.#..............#....
#####.#.#.#.................#.###
......#.#.#....#.#####.####.#.# #
#######.#.#.#..#.# #.## #.#.# # #
####.#.#....#.# #..# #.#.# #
####(...#.####.#.# ##.###.#.# #
#..'....#........# #..##.#.# #
#.##...#######.#########.##.#.# #


You could see Snorg (berserk).

Vanquished Creatures
  2 hydras
  A boulder beetle (D:10)
  2 tengu warriors (D:11)
  A necromancer (D:9)
  2 cyclopes
  A kobold demonologist (D:11)
  A komodo dragon (D:9)
  2 trolls
  Prince Ribbit (D:7)
  A wyvern (D:8)
  A wraith (D:9)
  3 shadows
  10 yaks
  Menkaure (D:7)
  3 vampire mosquitoes
  A water moccasin (D:7)
  2 acid dragons
  Pargi (Sewer)
  An ice beast (D:5)
  An orc warrior (D:9)
  A black bear (D:6)
  2 sky beasts
  3 ogres
  7 centaurs
  A kobold brigand (D:7)
  A phantom (D:6)
  Blork the orc (D:5)
  4 bullfrogs
  A scorpion (D:5)
  A water moccasin skeleton (D:5)
  16 killer bees
  4 wights (D:8)
  2 howler monkeys
  A bullfrog zombie (D:5)
  5 centaur zombies
  4 hounds
  A bullfrog skeleton (D:6)
  7 orc priests
  A jelly (D:5)
  A centaur skeleton (D:7)
  3 iguanas
  3 orc wizards
  3 yak simulacra (D:9)
  5 polar bear simulacra (D:9)
  A wolf simulacrum (D:9)
  4 killer bee zombies
  2 hound skeletons
  2 howler monkey zombies (D:7)
  7 gnolls
  6 adders
  An ufetubus (D:6)
  An adder skeleton (D:2)
  2 adder zombies (D:5)
  3 worms
  2 dart slugs
  15 orcs
  2 endoplasms
  4 giant cockroaches
  4 goblins
  6 hobgoblins
  2 jackals (D:1)
  16 kobolds
  2 quokkas (D:1)
  7 ball pythons
  4 bats (D:1)
  2 frilled lizards
  2 rats
  2 river rat simulacra (D:9)
215 creatures vanquished.

Vanquished Creatures (others)
  5 plants (D:9)
5 creatures vanquished.

Grand Total: 220 creatures vanquished

Notes
Turn   | Place    | Note
-------+----------+-------------------------------------------
     0 | D:1      | RascalDebosk the Draconian Air Elementalist began the quest
                  | for the Orb.
     0 | D:1      | Reached XP level 1. HP: 14/14 MP: 3/3
   811 | D:1      | Found a faded altar of an unknown god.
   819 | D:1      | Reached XP level 2. HP: 20/20 MP: 1/5
  1842 | D:2      | Reached XP level 3. HP: 26/26 MP: 2/6
  2507 | D:2      | Reached XP level 4. HP: 33/33 MP: 7/7
  2510 | D:2      | Learned a level 2 spell: Static Discharge
  2514 | D:2      | Learned a level 3 spell: Swiftness
  3403 | D:3      | Found Gafraute's Antique Weapon Boutique.
  3410 | D:3      | Bought a quarterstaff for 64 gold pieces
  3497 | D:3      | Found Wiodihox's Weapon Shoppe.
  3845 | D:3      | Found a glowing drain.
  3854 | Sewer    | Entered a sewer
  3870 | Sewer    | Noticed Pargi
  4045 | Sewer    | Killed Pargi
  4046 | Sewer    | Reached skill level 1 in Staves
  4046 | Sewer    | Reached XP level 5. HP: 30/38 MP: 1/9
  5017 | D:4      | Learned a level 4 spell: Airstrike
  5483 | D:4      | Identified the +8 plate armour "Hiamo" {rF+ Dex+4}
  5487 | D:5      | Entered Level 5 of the Dungeon
  5541 | D:5      | Reached XP level 6. HP: 45/45 MP: 1/10
  5542 | D:5      | Identified a scroll of acquirement
  5542 | D:5      | Acquired a book of the Spheres
  5774 | D:5      | Your scales start taking on a dull iron-grey colour.
  5774 | D:5      | Reached XP level 7. HP: 6/50 MP: 0/12
  6339 | D:5      | Reached XP level 8. HP: 50/57 MP: 1/14
  6349 | D:5      | Learned a level 5 spell: Iskenderun's Battlesphere
  6535 | D:5      | Noticed Blork the orc
  6538 | D:5      | Noticed Sigmund
  6575 | D:5      | Killed Blork the orc
  6724 | D:6      | Identified the +0 mace of Impatience {vamp, rPois Str+5}
  7016 | D:6      | Learned a level 2 spell: Poisonous Vapours
  7164 | D:6      | Found a staircase to the Ecumenical Temple.
  7224 | Temple   | Entered the Ecumenical Temple
  7347 | Temple   | Became a worshipper of Vehumet
  7362 | D:6      | Reached skill level 1 in Fire Magic
  7362 | D:6      | Reached skill level 1 in Poison Magic
  8064 | D:7      | Found an ornate altar of the Wu Jian Council.
  8065 | D:7      | Noticed Menkaure
  8077 | D:7      | Noticed Prince Ribbit
  8118 | D:7      | Reached skill level 5 in Conjurations
  8254 | D:7      | Reached skill level 5 in Spellcasting
  8349 | D:6      | Reached XP level 9. HP: 52/62 MP: 9/16
  8548 | D:7      | Killed Menkaure
  8787 | D:7      | Killed Prince Ribbit
 10133 | D:8      | Identified the +0 dagger of the Scavenger {pain, rPois
                  | Will++ Str-2 Int+4}
 10391 | D:8      | Noticed a moth of wrath
 10399 | D:8      | Found a transporter.
 10402 | D:8      | Noticed coolio's ghost (novice DEHu)
 10423 | D:8      | Reached * piety under Vehumet
 10423 | D:8      | Offered knowledge of Sandblast by Vehumet.
 10426 | D:8      | Learned a level 1 spell: Sandblast
 10523 | D:8      | Found a transporter.
 11100 | D:8      | Reached skill level 1 in Earth Magic
 11110 | D:8      | Learned a level 5 spell: Fireball
 11918 | D:8      | Reached XP level 10. HP: 35/69 MP: 11/19
 12091 | D:9      | Reached skill level 5 in Fire Magic
 12846 | D:9      | Reached skill level 5 in Dodging
 12968 | D:9      | Noticed a seven-headed hydra
 12981 | D:9      | Killed a seven-headed hydra
 13628 | D:9      | Noticed a necromancer
 13659 | D:9      | Killed a necromancer
 13933 | D:9      | Found a staircase to the Lair.
 14006 | D:10     | Entered Level 10 of the Dungeon
 14422 | D:10     | Found Kivavvul's Book Emporium.
 14430 | D:10     | Bought a book of Geomancy for 216 gold pieces
 14434 | D:10     | Learned a level 3 spell: Stone Arrow
 14440 | D:10     | Reached XP level 11. HP: 74/74 MP: 15/22
 14842 | D:10     | Found a staircase to the Orcish Mines.
 15245 | D:11     | Noticed a tengu warrior
 15245 | D:11     | Noticed a tengu warrior
 15276 | D:11     | Noticed a boulder beetle
 15292 | D:10     | Killed a boulder beetle
 15419 | D:11     | Noticed a five-headed hydra
 15424 | D:11     | Killed a five-headed hydra
 15887 | D:11     | Acquired a +3 quarterstaff of draining
 16175 | D:11     | Killed a tengu warrior
 16175 | D:11     | Offered knowledge of Searing Ray by Vehumet.
 16179 | D:11     | Learned a level 2 spell: Searing Ray
 16191 | D:11     | Killed a tengu warrior
 16191 | D:11     | Reached ** piety under Vehumet
 16458 | D:11     | Noticed a sixfirhy
 17038 | D:12     | Noticed Snorg
 17040 | D:12     | Noticed a deep elf pyromancer
 17044 | D:12     | Noticed a boulder beetle
 17077 | D:12     | Noticed Fannar
 17224 | D:11     | Slain by Snorg

Illustrated notes

Levels and vault maps discovered:
D:1:      beargit_arrival_greenhouse, layout_loops_corners,
          shapermc_ecumenical_altar_mp_ritualfount, minivault_4
D:2:      layout_loops_corners, minmay_distorted
D:3:      layout_basic, portal_sewer_entry_d, serial_shops,
          nicolae_shop_window_shopping, nicolae_shop_advertising_works
          [nicolae_subvault_shop_adworks], minivault_19, kennysheep_potato
D:4:      layout_loops_ring
D:5:      layout_rooms, uniq_sigmund, uniq_blork_the_orc
D:6:      layout_rooms, temple_fountains
D:7:      layout_loops_ring, nicolae_wu_jian_wuxing_cycle, uniq_prince_ribbit1,
          uniq_menkaure
D:8:      layout_loops_corners, gammafunk_ghost_berserking_beasts,
          kennysheep_generic_room_4
D:9:      layout_basic, david_lair_shrubbed, eino_house_with_fridge
D:10:     layout_stronghold, orc_0_dummy, serial_shops, shop_fountains
D:11:     layout_basic
D:12:     layout_loops_ring, minmay_fractal_squares_5, uniq_snorg, uniq_fannar
Temple:   dpeg_three_leaves_temple

Skill      XL: |  1  2  3  4  5  6  7  8  9 10 11 |
---------------+----------------------------------+-----
Stealth        | 2 3 4 |  4.0
Dodging        | 2 3 4 6 8 |  8.2
Conjurations   | 2 3 5 6 7 8 |  8.6
Staves         | 1 2 3 |  3.6
Spellcasting   | 3 4 5 6 7 8 |  8.2
Air Magic      | 4 3 4 |  4.4
Fire Magic     | 2 4 6 7 |  7.4
Poison Magic   | 2 4 |  4.3
Earth Magic    | 2 4 |  4.0

Action                   |  1- 3 |  4- 6 |  7- 9 | 10-12 || total
-------------------------+-------+-------+-------+-------++-------
Melee: Hand axe          |    31 |     2 |       |       ||    33
       Tailslap          |     2 |     3 |    14 |    18 ||    37
       Quarterstaff      |       |    26 |   100 |    93 ||   219
 Cast: Shock             |    59 |    61 |   200 |    43 ||   363
       Static Discharge  |       |    20 |     8 |       ||    28
       Airstrike         |       |     2 |     2 |       ||     4
       Poisonous Vapours |       |       |    24 |     5 ||    29
       Iskenderun's Batt |       |       |     8 |    20 ||    28
       Swiftness         |       |       |     4 |     6 ||    10
       Sandblast         |       |       |    10 |    12 ||    22
       Fireball          |       |       |     1 |    22 ||    23
       Stone Arrow       |       |       |       |    27 ||    27
       Searing Ray       |       |       |       |    11 ||    11
Evoke: Wand              |       |     7 |       |       ||     7
  Use: Scroll            |       |    10 |    12 |     7 ||    29
       Potion            |       |       |       |     4 ||     4
Armor: Skin              |    22 |    33 |   123 |   111 ||   289
Dodge: Dodged            |    32 |    77 |   165 |   118 ||   392
Block: Other             |       |       |    45 |    61 ||   106
       Reflection        |       |       |     6 |     3 ||     9
